 Dungeon Crawl Stone Soup version 0.22-a0-38-gc6ec8ce517 (console) character file.

34 Harunobu the Shield-Bearer (level 3, -10/36 HPs)
             Began as a Troll Fighter on Jan 4, 2018.
             Killed from afar by Sigmund (13 damage)
             ... with a puff of flame
             ... on level 2 of the Dungeon.
             The game lasted 00:02:40 (994 turns).

Harunobu the Shield-Bearer (Troll Fighter)           Turns: 994, Time: 00:02:40

Health: -10/36     AC:  5    Str: 25    XL:     3   Next: 14%
Magic:  2/2        EV:  8    Int:  4    God:
Gold:   98         SH:  9    Dex:  9    Spells: 2/2 levels left

rFire    x . .     SeeInvis .   o - +2 dagger (speed)
rCold    + . .     Gourm    +   c - +0 shield
rNeg     . . .     Faith    .   b - +0 robe
rPois    .         Spirit   .   (helmet restricted)
rElec    .         Reflect  .   (no cloak)
rCorr    .         Harm     .   (gloves unavailable)
MR       .....                  (boots unavailable)
Stlth    +.........             (no amulet)
HPRegen  0.52/turn              g - ring of ice
MPRegen  0.08/turn              (no ring)

@: no status effects
A: large, unfitting armour, claws 3, fast metabolism 3, gourmand, regeneration
1, shaggy fur 1, tough skin 2
a: no special abilities


You were on level 2 of the Dungeon.
You were full.

You visited 1 branch of the dungeon, and saw 2 of its levels.

You collected 98 gold pieces.

Inventory:

Hand Weapons
 a - a +0 flail
 o - a +2 dagger of speed (weapon)
Armour
 b - a +0 robe (worn)
 c - a +0 shield (worn)
Jewellery
 g - a ring of ice (left claw)
 h - an uncursed ring of ice
 q - an uncursed amulet of guardian spirit {unknown}
Scrolls
 i - a scroll of enchant armour {unknown}
 j - a scroll of remove curse {unknown}
 l - a scroll of immolation {unknown}
 n - a scroll of magic mapping {unknown}
Potions
 d - a potion of might
 e - 2 potions of lignification {unknown}
 k - a potion of agility {unknown}
 m - a potion of heal wounds {unknown}
Books
 p - a book of Maledictions

   Spells                             Type                      Level
   a - Corona                         Hexes                        1
   b - Ensorcelled Hibernation        Hexes/Ice                    2
   c - Confuse                        Hexes                        3
   d - Tukima's Dance                 Hexes                        3
   e - Dazzling Spray                 Conjuration/Hexes            3
Comestibles
 f - 2 rations


   Skills:
 + Level 2.7 Fighting
 + Level 2.2 Maces & Flails
 + Level 2.7 Dodging
 + Level 2.7 Shields


You had 2 spell levels left.
You didn't know any spells.

Dungeon Overview and Level Annotations

Branches:
Dungeon (2/15)

Altars:

Annotations:
D:2 Sigmund


Innate Abilities, Weirdness & Mutations

You are too large for most types of armour.
You have claws for hands.
Your metabolism is lightning-fast.
You like to eat raw meat.
Your natural rate of healing is unusually fast.
You are covered in fur. (AC +1)
You have very tough skin. (AC +2)


Message History

Deactivating autopickup; reactivate with Ctrl-A.
You hear some strange, mumbled words.
Something tries to affect you, but you resist.
You see here a club.
You miss something. You hit something but do no damage.
You hear some strange, mumbled words.
You are confused.
You bump into the rock wall.
Something hits you.
You bump into the rock wall.
Something hits you.
You barely miss something.
You bump into the rock wall.
Something hits you!
* * * LOW HITPOINT WARNING * * *
You bump into the rock wall.
You feel less confused. Something hits you!
* * * LOW HITPOINT WARNING * * *
A puff of flame appears from out of thin air!
The puff of flame hits you! The fire burns you terribly!
You die...

#### ..# ###.###
#.....#
########.....###
#..........(...###
#.................#
#.........{..#.##.#
#......@###.##%# ..
#^......# #.#..#
#.##.......#
#)#.###.#
#.##.......#
#.......#
#.#####.####
###.#####
#.........# #.#
#.###.....## #.#
#.##.......... #.#
#.........#### #.#


There were no monsters in sight!

Vanquished Creatures
  2 dart slugs (D:1)
  A leopard gecko (D:1)
  3 giant cockroaches (D:1)
  4 goblins
  5 hobgoblins
  A kobold (D:1)
  4 bats (D:1)
  4 frilled lizards (D:1)
  5 rats
29 creatures vanquished.

Notes
Turn   | Place    | Note
-------+----------+-------------------------------------------
     0 | D:1      | Harunobu the Troll Fighter began the quest for the Orb.
     0 | D:1      | Reached XP level 1. HP: 22/22 MP: 0/0
   345 | D:1      | Reached XP level 2. HP: 26/29 MP: 1/1
   732 | D:1      | Reached XP level 3. HP: 36/36 MP: 2/2
   970 | D:2      | Noticed Sigmund
   989 | D:2      | HP: 1/36 [something (10)]
   994 | D:2      | Killed from afar by Sigmund

Vault maps used:
D:1:      shiori_arrival_maze
D:2:      first_ration, uniq_sigmund

Skill      XL: |  1  2 |
---------------+-------+-----
Maces & Flails | 2 |  2.2
Fighting       | |  2.7
Dodging        | |  2.7
Shields        | |  2.7

Action                   || total
-------------------------++-------
Melee: Flail             ||    84
       Dagger            ||    47
  Eat: Chunk             ||    11
Armor: Robe              ||    46
Dodge: Dodged            ||    36
Block: Shield            ||    50

Table legend:
 A = Spawn XP
 B = Non-spawn XP
 C = Spawn XP percentage of total XP
 D = Spawn monster count
 E = Non-spawn monster count
 F = Spawn count percentage of total count
 G = Total turns spent on level
                    A         B        C        D         E        F      G
               +---------+---------+-------+---------+---------+-------+---------
         Total |       0 |      49 |   0.0 |       0 |      29 |   0.0 |   994
               +---------+---------+-------+---------+---------+-------+---------
           D:1 |       0 |      45 |   0.0 |       0 |      26 |   0.0 |   906
           D:2 |       0 |       4 |   0.0 |       0 |       3 |   0.0 |    88
               +---------+---------+-------+---------+---------+-------+---------
